 Dungeon Crawl Stone Soup version 0.18.1-47-g9310371 (console) character file.

900 Kloppie the Spear-Bearer (level 7, -2/61 HPs)
             Began as a Minotaur Gladiator on June 16, 2016.
             Killed by divine providence
             ... invoked by an orc priest
              (15 damage)
             ... on level 5 of the Dungeon.
             The game lasted 00:04:52 (3292 turns).

Kloppie the Spear-Bearer (Minotaur Gladiator)       Turns: 3292, Time: 00:04:53

Health: -2/61      AC:  9    Str: 19    XL:     7   Next: 79%
Magic:  6/6        EV: 12    Int:  5    God:
Gold:   221        SH:  0    Dex: 13    Spells: 0 memorised, 6 levels left

rFire  . . .     SeeInvis .     a - +1 trident
rCold  . . .     Gourm    .     r - +0 scale mail
rNeg   . . .     Faith    .     (no shield)
rPois  .         Spirit   .     i - +1 hat
rElec  .         Dismiss  .     (no cloak)
rCorr  .         Reflect  .     (no gloves)
SustAt .         Harm     .     k - +1 pair of boots {Stlth+}
MR     +....                    (no amulet)
Stlth  +.........               (no ring)
                                s - ring of protection from magic

@: somewhat resistant to hostile enchantments, very unstealthy
A: retaliatory headbutt, horns 2
a: no special abilities


You were on level 5 of the Dungeon.
You were not hungry.

You visited 1 branch of the dungeon, and saw 5 of its levels.

You collected 221 gold pieces.

Inventory:

Hand Weapons
 a - a +1 trident (weapon)
Missiles
 d - 3 throwing nets (quivered)
Armour
 i - a +1 hat (worn)
 k - a +1 pair of boots of stealth (worn)
 r - a +0 scale mail (worn)
Jewellery
 s - a ring of protection from magic (left hand)
Wands
 b - a wand of flame (17/48)
 e - a wand of polymorph (9/24)
 m - a wand of iceblast (3/15)
Scrolls
 g - a scroll of enchant weapon
 o - a scroll of identify
 q - 3 scrolls of remove curse
 t - a scroll of blinking
Potions
 h - a potion of curing
Comestibles
 c - 2 chunks of flesh
 f - 4 bread rations
 j - a meat ration
 l - a royal jelly
 n - a beef jerky
 v - 2 fruits
 w - a slice of pizza


   Skills:
 + Level 5.5 Fighting
 * Level 8.5 Polearms
 - Level 2.0 Throwing
 - Level 2.5 Armour
 + Level 5.4 Dodging


You had 6 spell levels left.
You didn't know any spells.

Dungeon Overview and Level Annotations

Branches:
Dungeon (5/15)
 Temple: D:4-7

Altars:
Nemelex Xobeh
Okawaru
Qazlal
Vehumet


Innate Abilities, Weirdness & Mutations

You reflexively headbutt those who attack you in melee.
You have a pair of horns on your head.


Message History

The orc priest miscasts a cantrip.
The orc priest hits you but does no damage.
An orc comes into view. It is wielding a mace.
The orc shouts!
You hit the orc priest.
The orc priest is lightly wounded.
The orc priest hits you but does no damage.
You hit the orc priest.
The orc priest is moderately wounded.
The centaur shoots an arrow.
The arrow hits you.
* * * LOW HITPOINT WARNING * * *
The orc priest barely misses you. You furiously retaliate!
You headbutt the orc priest.
The centaur shoots an arrow.
The arrow hits you!
* * * LOW HITPOINT WARNING * * *
An orc wizard comes into view. It is wielding a dagger.
You hit the orc priest.
The orc priest is severely wounded.
The orc priest invokes the aid of Beogh against you.
Beogh smites you!
You die...

#.#
#.########.#..#
#.#
#.........###.#
#.#
#.########.#.##
##.# #.# ##.##
##.########.# #.#
...<†.....>.# #.#
############# #.#
*,,,,,,,*
##########.#
*,*****,*
#..oo@..c(.# ,,,*
*,* #o#######.##
*,** *,* *,* #.#*
*** *,* *,* *#..*
*,* *,******≈≈.#
*,*******⌠*⌠*#≈c#
*,,,,,**≈≈≈≈≈#§.#
********≈,,,≈*§§#
*⌠≈,,,≈*≈,*


You could see a centaur, an orc priest, an orc wizard and an orc.

Vanquished Creatures
  Duvessa (D:5)
  An ice beast (D:5)
  2 ogres (D:5)
  Dowan (D:5)
  A hound (D:5)
  A crimson imp (D:5)
  A giant frog skeleton (D:4)
  3 orc priests
  An orc wizard (D:3)
  2 worker ants (D:5)
  4 gnolls (D:4)
  A howler monkey skeleton (D:4)
  9 adders
  2 adder skeletons
  3 worms
  A dart slug (D:1)
  5 giant geckos
  12 orcs
  5 giant cockroaches
  2 goblins (D:3)
  8 hobgoblins
  7 kobolds
  2 quokkas
  5 bats
  A giant gecko skeleton (D:4)
  2 giant newts
  10 rats
93 creatures vanquished.

Notes
Turn   | Place    | Note
--------------------------------------------------------------
     0 | D:1      | Kloppie the Minotaur Gladiator began the quest for the Orb.
     0 | D:1      | Reached XP level 1. HP: 18/18 MP: 0/0
    93 | D:1      | Reached XP level 2. HP: 6/25 MP: 1/1
   438 | D:1      | Reached skill level 4 in Polearms
   684 | D:1      | Reached skill level 1 in Armour
   775 | D:2      | Reached XP level 3. HP: 26/30 MP: 2/2
  1032 | D:2      | Reached skill level 5 in Polearms
  1073 | D:2      | Found a stormy altar of Qazlal.
  1111 | D:2      | Reached XP level 4. HP: 38/38 MP: 3/3
  1594 | D:3      | Found a stormy altar of Qazlal.
  1595 | D:3      | Noticed a water elemental
  1611 | D:3      | Reached XP level 5. HP: 40/45 MP: 4/4
  2013 | D:3      | Noticed a fire elemental
  2013 | D:3      | Noticed an air elemental
  2114 | D:4      | Found an iron altar of Okawaru.
  2114 | D:4      | Found a radiant altar of Vehumet.
  2140 | D:4      | Reached skill level 6 in Polearms
  2414 | D:4      | Reached XP level 6. HP: 52/52 MP: 5/5
  2625 | D:5      | Entered Level 5 of the Dungeon
  2652 | D:5      | Noticed Duvessa
  2652 | D:5      | Noticed Dowan
  2678 | D:5      | Killed Duvessa
  2678 | D:5      | Reached skill level 7 in Polearms
  2683 | D:5      | HP: 2/53 [Dowan/dagger (1)]
  2693 | D:5      | Killed Dowan
  2693 | D:5      | Reached XP level 7. HP: 3/60 MP: 6/6
  3009 | D:5      | Reached skill level 5 in Fighting
  3015 | D:5      | Reached skill level 5 in Dodging
  3190 | D:5      | Reached skill level 8 in Polearms
  3199 | D:5      | Found a sparkling altar of Nemelex Xobeh.
  3292 | D:5      | Killed from afar by an orc priest

Skill      XL: |  1  2  3  4  5  6  7 |
---------------+----------------------+-----
Polearms       | 4 5 6 7 8 |  8.5
Armour         | 1 2 |  2.5
Fighting       | 3 4 5 |  5.5
Dodging        | 4 5 |  5.4
Throwing       | |  2.0

Action                   |  1- 3 |  4- 6 |  7- 9 || total
-------------------------+-------+-------+-------++-------
Melee: Trident           |    66 |   155 |    40 ||   261
       Headbutt          |     7 |    23 |    10 ||    40
Throw: Throwing net      |     2 |     3 |       ||     5
  Use: Potion            |       |     1 |     2 ||     3
       Scroll            |       |       |    10 ||    10
 Stab: Sleeping          |       |     2 |       ||     2
       Held in net/web   |       |     1 |       ||     1
  Eat: Chunk             |     1 |     5 |     2 ||     8
Armor: Leather armour    |    11 |     8 |       ||    19
       Scale mail        |       |    40 |     5 ||    45
Dodge: Dodged            |    38 |    54 |    23 ||   115
